 Dungeon Crawl Stone Soup version 0.30-a0-718-geaa24f58ff (webtiles) character file.

Game seed: 4748226928330976492

4300 mandoloar the Destroyer (level 10, 0/74 HPs)
             Began as a Gnoll Conjurer on Jan 25, 2023.
             Was a Follower of Vehumet.
             Slain by a hornet (7 damage)
             ... on level 8 of the Dungeon on Jan 26, 2023.
             The game lasted 00:39:18 (14639 turns).

mandoloar the Destroyer (Gnoll Conjurer)           Turns: 14639, Time: 00:39:18

Health: 0/74       AC:  7    Str:  6    XL:     10   Next: 32%
Magic:  2/21       EV: 14    Int: 23    God:    Vehumet [*.....]
Gold:   222        SH:  0    Dex: 10    Spells: 12/23 levels left

rFire   . . .      SeeInvis .    a - +2 sling of Lanod {flame, rPois rCorr}
rCold   . . .      Faith    .    (no shield)
rNeg    . . .      Spirit   .    o - +0 steam dragon scales
rPois   +          Reflect  .    (no helmet)
rElec   .          Harm     .    (no cloak)
rCorr   +          Rampage  .    (no gloves)
Will    .....                    d - +0 pair of boots
Stlth   +++                      g - amulet of the acrobat
HPRegen 0.32/turn                n - ring of wizardry
MPRegen 0.17/turn                (no ring)

@: slowed, very slow
A: fangs 1, strong nose, distributed training
a: Renounce Religion


You were on level 8 of the Dungeon.
You worshipped Vehumet.
Vehumet was aware of your devotion.
You visited 2 branches of the dungeon, and saw 9 of its levels.

You collected 222 gold pieces.

Inventory:

Hand Weapons
 a - the +2 sling of Lanod (weapon) {flame, rPois rCorr}
   (You found it on level 2 of the Dungeon)

   rPois:     It protects you from poison.
   rCorr:     It protects you from acid and corrosion.
 b - a +1 dagger of protection
Armour
 d - a +0 pair of boots (worn)
 o - +0 steam dragon scales (worn)
Jewellery
 g - an amulet of the acrobat (around neck)
 n - a ring of wizardry (left hand)
Wands
 r - a wand of quicksilver (10)
 t - a wand of iceblast (1)
Scrolls
 e - a scroll of magic mapping
 f - 2 scrolls of identify
 h - a scroll of summoning
 i - a scroll of teleportation
 m - a scroll of fog
 s - a scroll of silence {unknown}
Potions
 c - a potion of lignification
 j - 2 potions of degeneration
 k - a potion of brilliance
 l - 6 potions of curing
 p - a potion of heal wounds
 q - a potion of mutation {unknown}
 u - a potion of might


   Skills:
 + Level 5.3 Fighting
 + Level 5.3 Short Blades
 + Level 5.3 Long Blades
 + Level 5.3 Axes
 + Level 5.3 Maces & Flails
 + Level 5.3 Polearms
 + Level 5.3 Staves
 + Level 5.3 Ranged Weapons
 + Level 5.3 Throwing
 + Level 5.3 Armour
 + Level 7.1 Dodging
 + Level 6.9 Stealth
 + Level 5.3 Shields
 + Level 5.3 Unarmed Combat
 + Level 7.4 Spellcasting
 + Level 8.5 Conjurations
 + Level 4.4 Hexes
 + Level 4.4 Summonings
 + Level 4.4 Necromancy
 + Level 4.4 Translocations
 + Level 4.4 Transmutations
 + Level 4.4 Fire Magic
 + Level 4.4 Ice Magic
 + Level 4.4 Air Magic
 + Level 4.4 Earth Magic
 + Level 4.4 Poison Magic
 + Level 5.9 Invocations
 + Level 5.3 Evocations


You had 12 spell levels left.
You knew the following spells:

 Your Spells              Type           Power      Damage    Failure   Level
a - Magic Dart            Conj           100%       1d8       1%          1
b - Searing Ray           Conj           94%        2d7       1%          2
c - Fulminant Prism       Conj/Hex       19%        3d10      1%          4
d - Iskenderun's Mystic   Conj/Tloc      38%        2d9       1%          4

Your spell library contained the following spells:

 Spells                   Type           Power      Damage    Failure   Level
 Shock                    Conj/Air       100%       1d9       1%          1
 Dazzling Flash           Conj/Hex       76%        N/A       1%          3


Dungeon Overview and Level Annotations

Branches:
Dungeon (8/15)             Temple (1/1) D:6
   Lair: D:8-11

Altars:
Ashenzari
Cheibriados
Elyvilon
Fedhas
Gozag
Hepliaklqana
Kikubaaqudgha
Makhleb
Nemelex Xobeh
Okawaru
Qazlal
Ru
Sif Muna
Trog
Uskayaw
Vehumet
Wu Jian
Xom
Yredelemnul
Zin
The Shining One

Annotations:
D:5 1 runed translucent door, JzDz's ghost, novice HOFi


Innate Abilities, Weirdness & Mutations

You have very sharp teeth.
Your uncanny sense of smell can sniff out nearby items.
Your experience applies equally to all skills.


Message History

You are poisoned.
You suddenly lose the ability to move!
You feel sick. The hornet stings you.
You feel yourself slow down. The hornet stings you.
You feel sick. The hornet completely misses you.
You can move again.
Casting: Searing Ray (safe; 1% risk of failure)
Confirm with . or Enter, or press ? or * to list all spells.
You erupt in a blast of force!
The mystic blast hits the hornet!
The hornet is heavily wounded.
You feel yourself speed up.
You feel sick. The hornet stings you!
You feel yourself slow down. The hornet closely misses you.
You feel sick.
The hornet completely misses you. x2; The hornet stings you!
Things that are here:
3 stones; a +0 club
Casting: Iskenderun's Mystic Blast (dangerous; 1% risk of failure)
Confirm with . or Enter, or press ? or * to list all spells.
You erupt in a blast of force!
The mystic blast hits the hornet but does no damage.
The hornet is moderately wounded.
You feel yourself speed up.
You feel sick. The hornet misses you. The hornet closely misses you.
The hornet attacks as you move away! The hornet stings you!
You suddenly lose the ability to move!
You feel sick.
You are no longer poisoned.
The hornet stings you!
* * * LOW HITPOINT WARNING * * *
The hornet stings you but does no damage.
The hornet stings you!
* * * LOW HITPOINT WARNING * * *
You feel yourself slow down.
You can move again.
You see here a +0 whip.
Casting: Iskenderun's Mystic Blast (dangerous; 1% risk of failure)
Confirm with . or Enter, or press ? or * to list all spells.
You erupt in a blast of force!
The mystic blast hits the hornet!
The hornet is severely wounded.
The hornet stings you!
You die...

........##.......
.................
#..................... .
###...................
.. #...................
#.##........####.......
.#..........####........
...##..y)#...#..........
...(...@........[..[....
...((..<...........<....
..#....)................
. #.....................
#...(.......###...#...#
#.............###.######
###...#.##....# ###
#....####.### #...# ###


You could see a hornet.

Vanquished Creatures
  Maggie (D:6)
  6 yaks
  2 steam dragons
  A water moccasin (D:6)
  2 ice beasts
  A sky beast (D:7)
  An ogre (D:7)
  An orc warrior (D:6)
  A black bear (D:6)
  3 centaurs
  3 phantoms
  4 kobold brigands
  3 bullfrogs
  A necrophage (D:4)
  2 scorpions (D:6)
  3 killer bees (D:8)
  2 orc priests (D:6)
  A hound (D:5)
  3 jellies
  A gnoll bouda (D:5)
  Jessica (D:3)
  3 iguanas
  15 orc wizards
  Robin (D:3)
  9 adders
  10 gnolls
  2 shadow imps
  3 white imps
  An ufetubus (D:6)
  A worm (D:4)
  A dart slug (D:5)
  31 orcs
  7 ball pythons
  5 bats
  4 endoplasms
  2 giant cockroaches (D:1)
  13 goblins
  8 hobgoblins
  6 jackals
  3 quokkas
  4 frilled lizards
  21 kobolds
  6 rats
199 creatures vanquished.

Vanquished Creatures (others)
  127 fulminant prisms
  A plant (D:1)
128 creatures vanquished.

Grand Total: 327 creatures vanquished

Notes
Turn   | Place    | Note
-------+----------+-------------------------------------------
     0 | D:1      | mandoloar the Gnoll Conjurer began the quest for the Orb.
     0 | D:1      | Reached XP level 1. HP: 13/13 MP: 6/6
   301 | D:1      | Reached XP level 2. HP: 13/19 MP: 0/7
   714 | D:1      | Learned a level 2 spell: Searing Ray
   808 | D:1      | Reached skill level 5 in Spellcasting
   808 | D:1      | Reached XP level 3. HP: 25/25 MP: 5/9
   953 | D:3      | Noticed Jessica
   953 | D:3      | Noticed Robin
  1047 | D:2      | Identified the +2 sling of Lanod {flame, rPois rCorr}
  1221 | D:2      | Reached skill level 1 in Invocations
  1464 | D:2      | Reached skill level 1 in Fighting
  1464 | D:2      | Reached skill level 1 in Short Blades
  1464 | D:2      | Reached skill level 1 in Long Blades
  1464 | D:2      | Reached skill level 1 in Axes
  1464 | D:2      | Reached skill level 1 in Maces & Flails
  1464 | D:2      | Reached skill level 1 in Polearms
  1464 | D:2      | Reached skill level 1 in Staves
  1464 | D:2      | Reached skill level 1 in Ranged Weapons
  1464 | D:2      | Reached skill level 1 in Throwing
  1464 | D:2      | Reached skill level 1 in Armour
  1464 | D:2      | Reached skill level 1 in Shields
  1464 | D:2      | Reached skill level 1 in Unarmed Combat
  1464 | D:2      | Reached skill level 1 in Evocations
  2252 | D:3      | Found a faded altar of an unknown god.
  2938 | D:3      | Killed Jessica
  2939 | D:3      | Reached skill level 1 in Hexes
  2939 | D:3      | Reached skill level 1 in Summonings
  2939 | D:3      | Reached skill level 1 in Necromancy
  2939 | D:3      | Reached skill level 1 in Translocations
  2939 | D:3      | Reached skill level 1 in Transmutations
  2939 | D:3      | Reached skill level 1 in Fire Magic
  2939 | D:3      | Reached skill level 1 in Ice Magic
  2939 | D:3      | Reached skill level 1 in Air Magic
  2939 | D:3      | Reached skill level 1 in Earth Magic
  2939 | D:3      | Reached skill level 1 in Poison Magic
  2939 | D:3      | Reached XP level 4. HP: 29/32 MP: 2/11
  3292 | D:3      | Killed Robin
  3293 | D:3      | Reached XP level 5. HP: 37/37 MP: 7/12
  3333 | D:3      | Learned a level 4 spell: Fulminant Prism
  3338 | D:3      | Learned a level 4 spell: Iskenderun's Mystic Blast
  4213 | D:4      | Reached XP level 6. HP: 41/44 MP: 3/13
  4293 | D:4      | Reached skill level 5 in Dodging
  4599 | D:5      | Entered Level 5 of the Dungeon
  4644 | D:4      | You fall into a shaft and drop 2 floors!
  4659 | D:6      | Noticed a water moccasin
  4683 | D:6      | Killed a water moccasin
  4684 | D:6      | Reached XP level 7. HP: 27/51 MP: 1/15
  6147 | D:4      | Reached skill level 5 in Stealth
  7484 | D:5      | Found a runed translucent door.
  7484 | D:5      | Noticed JzDz's ghost (novice HOFi)
  7629 | D:5      | Noticed a troll
  7719 | D:5      | Noticed a steam dragon
  7726 | D:5      | Killed a steam dragon
  7727 | D:5      | Reached XP level 8. HP: 58/58 MP: 7/16
  8017 | D:6      | Found a sparkling altar of Nemelex Xobeh.
  8039 | D:6      | Noticed a yak
  8039 | D:6      | Noticed a yak
  8133 | D:6      | Found a staircase to the Ecumenical Temple.
  8725 | D:6      | Found a radiant altar of Vehumet.
  8753 | D:6      | Found a basalt altar of Yredelemnul.
  8855 | D:6      | Became a worshipper of Vehumet
  9389 | D:6      | Reached XP level 9. HP: 65/65 MP: 1/18
 10148 | D:5      | Reached skill level 8 in Conjurations
 10402 | Temple   | Entered the Ecumenical Temple
 10712 | D:6      | Found a glowing golden altar of the Shining One.
 10723 | D:6      | Noticed Maggie
 10755 | D:6      | Found a stormy altar of Qazlal.
 11020 | D:6      | Identified the +3 robe of Gravity {Will+}
 11391 | D:6      | Killed Maggie
 11392 | D:6      | Reached skill level 5 in Invocations
 12824 | D:7      | Reached skill level 5 in Fighting
 12824 | D:7      | Reached skill level 5 in Short Blades
 12824 | D:7      | Reached skill level 5 in Long Blades
 12824 | D:7      | Reached skill level 5 in Axes
 12824 | D:7      | Reached skill level 5 in Maces & Flails
 12824 | D:7      | Reached skill level 5 in Polearms
 12824 | D:7      | Reached skill level 5 in Staves
 12824 | D:7      | Reached skill level 5 in Ranged Weapons
 12824 | D:7      | Reached skill level 5 in Throwing
 12824 | D:7      | Reached skill level 5 in Armour
 12824 | D:7      | Reached skill level 5 in Shields
 12824 | D:7      | Reached skill level 5 in Unarmed Combat
 12824 | D:7      | Reached skill level 5 in Evocations
 12824 | D:7      | Reached XP level 10. HP: 70/74 MP: 7/20
 13385 | D:7      | Reached * piety under Vehumet
 13385 | D:7      | Offered knowledge of Shock by Vehumet.
 13834 | D:8      | Noticed a two-headed ogre
 14630 | D:8      | Paralysed by a hornet for 3 turns
 14636 | D:8      | Paralysed by a hornet for 3 turns
 14639 | D:8      | Slain by a hornet

Illustrated notes

Levels and vault maps discovered:
D:1:      giann_wishing_wells, layout_basic, serial_bayou_ford_a,
          hangedman_decor_lopped
D:2:      layout_basic, nrook_loot_triangle, minmay_misc_feat_plants
D:3:      layout_rooms, nicolae_ecumenical_pavilion, uniq_jessica, uniq_robin
D:4:      layout_cave_pools, grunt_decor_resistance
D:5:      layout_cave_pods, ebering_ghost_inner_flame
D:6:      layout_gridville, nicolae_vehumet_altar_sigil, lemuel_round_altar,
          nicolae_tso_carved_into_rock, mainiacjoe_overflow_brackets,
          nemelex_spade_bored_becter, minmay_temple_entry_tees,
          minmay_quadrilaterals, uniq_maggie
D:7:      minmay_flawed_box, layout_rooms, amethyst_killhole,
          kennysheep_nondescript, grunt_ministairs_14
D:8:      layout_cave_pools, mainiacjoe_overflow_boulevard,
          gammafunk_ghost_spectres
Temple:   regret_index_temple_sphere_string

Skill      XL: |  1  2  3  4  5  6  7  8  9 10 |
---------------+-------------------------------+-----
Spellcasting   | 5 6 7 |  7.4
Invocations    | 1 2 3 4 5 |  5.9
Fighting       | 1 2 3 5 |  5.3
Short Blades   | 1 2 3 5 |  5.3
Long Blades    | 1 2 3 5 |  5.3
Axes           | 1 2 3 5 |  5.3
Maces & Flails | 1 2 3 5 |  5.3
Polearms       | 1 2 3 5 |  5.3
Staves         | 1 2 3 5 |  5.3
Ranged Weapons | 1 2 3 5 |  5.3
Throwing       | 1 2 3 5 |  5.3
Armour         | 1 2 3 5 |  5.3
Shields        | 1 2 3 5 |  5.3
Unarmed Combat | 1 2 3 5 |  5.3
Evocations     | 1 2 3 5 |  5.3
Hexes          | 1 2 3 4 |  4.4
Summonings     | 1 2 3 4 |  4.4
Necromancy     | 1 2 3 4 |  4.4
Translocations | 1 2 3 4 |  4.4
Transmutations | 1 2 3 4 |  4.4
Fire Magic     | 1 2 3 4 |  4.4
Ice Magic      | 1 2 3 4 |  4.4
Air Magic      | 1 2 3 4 |  4.4
Earth Magic    | 1 2 3 4 |  4.4
Poison Magic   | 1 2 3 4 |  4.4
Dodging        | 5 6 7 |  7.1
Stealth        | 5 6 |  6.9
Conjurations   | 8 |  8.5

Action                     |  1- 3 |  4- 6 |  7- 9 | 10-12 || total
---------------------------+-------+-------+-------+-------++-------
   Fire: Sling             |     5 |     1 |     2 |       ||     8
   Cast: Magic Dart        |    53 |    41 |    48 |     5 ||   147
         Searing Ray       |     4 |     2 |     5 |     1 ||    12
         Fulminant Prism   |       |    21 |    73 |    33 ||   127
         Iskenderun's Myst |       |     7 |    23 |     8 ||    38
    Use: Scroll            |     9 |     1 |     7 |     1 ||    18
         Potion            |       |     1 |     3 |       ||     4
 Armour: Robe              |    25 |     8 |    22 |       ||    55
         Steam dragon scal |       |       |     6 |     6 ||    12
  Dodge: Dodged            |    66 |    27 |    85 |    34 ||   212

Table legend: (Time is in decaauts)
 A = Elapsed time spent in this place.
 B = Non-inter-level travel time spent in this place.
 C = Inter-level travel time spent in this place.
 D = Time resting spent in this place.
 E = Time spent auto-exploring this place.
 F = Levels seen in this place.
 G = Mean time per level.
                   A        B        C        D        E       F      G
               +--------+--------+--------+--------+--------+-----+--------+
         Total |  14689 |  13893 |    796 |   7576 |   4282 |   9 | 1632.1 |
       Dungeon |  14523 |  13735 |    788 |   7576 |   4137 |   8 | 1815.4 |
        Temple |    165 |    157 |      8 |      0 |    145 |   1 |  165.0 |
               +--------+--------+--------+--------+--------+-----+--------+

Top non-repeatable levels by time:
     D:6: 3151 daAuts
     D:5: 2780 daAuts
     D:2: 2281 daAuts
     D:3: 2034 daAuts
     D:7: 1599 daAuts
     D:4: 1495 daAuts
     D:1: 939 daAuts
     D:8: 241 daAuts
  Temple: 165 daAuts
